 Seeded DCSS version 0.28.0-43-g3370ac3207 (webtiles) character file.

Game seed: 2398749859073995904 (custom seed)

58998 tizbic2 the Warrior (level 14, -3/135 HPs)
             Began as a Minotaur Fighter on Mar 13, 2022.
             Was the Champion of Cheibriados.
             Slain by a spriggan rider
             ... wielding a +0 spear
              (16 damage)
             ... on level 4 of the Swamp.
             The game lasted 01:14:20 (13053 turns).

tizbic2 the Warrior (Minotaur Fighter)             Turns: 13053, Time: 01:14:21

Health: -3/135     AC: 25    Str: 45    XL:     14   Next: 51%
Magic:  21/21      EV:  8    Int: 26    God:    Cheibriados [******]
Gold:   1026       SH: 12    Dex: 25    Spells: 9/23 levels left

rFire   . . .      SeeInvis .   e - +8 whip "Paruy" {freeze, Contam rPois rCorr Int+4}
rCold   . . .      Faith    .   W - +0 kite shield {reflect}
rNeg    . . .      Spirit   .   S - +8 chain mail of Love and Death {Slay+2}
rPois   +          Reflect  +   I - +0 hat
rElec   .          Harm     .   C - +2 cloak
rCorr   +          Rampage  .   H - +0 pair of gloves
Will    +....                   (no boots)
Stlth   ..........              G - amulet of regeneration
HPRegen 1.12/turn               n - ring of wizardry
MPRegen 0.17/turn               y - +6 ring of strength

@: very slow
A: horns 2, retaliatory headbutt
a: Renounce Religion, Bend Time, Temporal Distortion, Slouch, Step From Time


You were on level 4 of the Swamp.
You worshipped Cheibriados.
Cheibriados was exalted by your worship.
You visited 4 branches of the dungeon, and saw 21 of its levels.

You collected 1230 gold pieces.
You spent 204 gold pieces at shops.

Inventory:

Hand Weapons
 e - the +8 whip "Paruy" (weapon) {freeze, Contam rPois rCorr Int+4}
   (You took it off a kobold on level 2 of the Dungeon)

   It freezes those it strikes, dealing additional cold damage.
   It can also slow down cold-blooded creatures.
   Int:       It affects your intelligence (+4).
   rPois:     It protects you from poison.
   Contam:    It causes magical contamination when unequipped.
   rCorr:     It protects you from acid and corrosion.
 x - a +1 broad axe of flaming
Missiles
 g - 499 stones (quivered)
 r - 5 javelins
Armour
 c - a +1 buckler
 C - a +2 cloak (worn)
 H - a +0 pair of gloves (worn)
 I - a +0 hat (worn)
 S - the +8 chain mail of Love and Death (worn) {Slay+2}
   (You found it on level 6 of the Lair of Beasts)

   Slay:      It affects your accuracy & damage with ranged weapons and melee
   (+2).
 W - a +0 kite shield of reflection (worn)
Jewellery
 n - a ring of wizardry (left hand)
 v - a +6 ring of intelligence
 y - a +6 ring of strength (right hand)
 B - a ring of see invisible
 G - an amulet of regeneration (around neck)
 N - a ring of resist corrosion
 R - an amulet of the acrobat
 T - a ring of ice
 X - a +6 ring of strength
Wands
 o - a wand of mindburst (9)
 s - a wand of polymorph (15)
 u - a wand of charming (29)
 D - a wand of digging (5)
 E - a wand of iceblast (52)
 K - a wand of flame (18)
 M - a wand of paralysis (8)
 Q - a wand of acid (1)
Scrolls
 a - 5 scrolls of enchant weapon
 i - 2 scrolls of fear
 j - 4 scrolls of teleportation
 q - 4 scrolls of amnesia
 t - a scroll of blinking
 w - a scroll of brand weapon
 F - a scroll of fog
 O - a scroll of magic mapping
 P - 3 scrolls of identify
 U - a scroll of holy word {unknown}
Potions
 b - a potion of magic
 d - 4 potions of might
 f - 3 potions of curing
 h - 5 potions of brilliance
 k - 3 potions of berserk rage
 l - 6 potions of ambrosia {unknown}
 m - a potion of lignification
 p - 3 potions of heal wounds
 z - 2 potions of flight
 A - a potion of attraction {unknown}
 J - 2 potions of cancellation {unknown}
 V - a potion of mutation {unknown}
Miscellaneous
 L - a tin of tremorstones (2/2)


   Skills:
 * Level 15.2 Fighting
 - Level 13.0 Maces & Flails
 + Level 11.3 Armour
 * Level 5.7 Shields
 + Level 5.4 Spellcasting
 + Level 4.7 Conjurations
 - Level 4.5 Summonings
 + Level 7.8 Ice Magic
 + Level 4.6 Air Magic
 - Level 6.2 Invocations


You had 9 spell levels left.
You knew the following spells:

 Your Spells              Type           Power      Damage    Failure   Level
a - Frozen Ramparts       Ice            94%        1d11      2%          3
b - Summon Ice Beast      Ice/Summ       39%        N/A       16%         4
c - Freezing Cloud        Conj/Ice/Air   18%        6-21      45%         5
d - Ensorcelled Hibernat  Hex/Ice        54%        N/A       6%          2

Your spell library contained the following spells:

 Spells                   Type           Power      Damage    Failure   Level
 Magic Dart               Conj           100%       1d8       3%          1
 Call Imp                 Summ           30%        N/A       4%          2
 Searing Ray              Conj           62%        2d6       4%          2
 Static Discharge         Conj/Air       31%        N/A       4%          2
 Call Canine Familiar     Summ           30%        N/A       9%          3
 Swiftness                Air            31%        N/A       9%          3
 Mephitic Cloud           Conj/Pois/Air  23%        N/A       16%         3
 Blink                    Tloc           14%        N/A       28%         2
 Passwall                 Tmut/Erth      5%         N/A       28%         2
 Ice Form                 Ice/Tmut       27%        N/A       36%         4
 Gell's Gravitas          Tloc           7%         N/A       50%         3
 Ignite Poison            Fire/Tmut/Pois 7%         N/A       50%         3
 Portal Projectile        Hex/Tloc       14%        N/A       50%         3
 Spider Form              Tmut/Pois      7%         N/A       50%         3
 Teleport Other           Tloc           7%         N/A       50%         3
 Fulminant Prism          Conj/Hex       9%         3d7       56%         4
 Iskenderun's Mystic Bla  Conj/Tloc      19%        2d6       56%         4
 Sticky Flame             Conj/Fire      19%        2d4       56%         4
 Dispel Undead            Necr           7%         3d8       86%         4
 Leda's Liquefaction      Hex/Erth       3%         N/A       86%         4
 Blade Hands              Tmut           3%         N/A       99%         5
 Excruciating Wounds      Necr           3%         N/A       99%         5
 Lee's Rapid Deconstruct  Erth           3%         3d6*      99%         5
 Manifold Assault         Tloc           7%         N/A       99%         5
 Dispersal                Tloc           3%         N/A       100%        6
 Malign Gateway           Summ/Tloc      9%         N/A       100%        7
 Storm Form               Tmut/Air       9%         N/A       100%        7


Dungeon Overview and Level Annotations

Branches:
Dungeon (10/15)            Temple (1/1) D:6            Lair (6/6) D:8
  Swamp (4/4) Lair:2        Snake (0/4) Lair:3        Slime (0/5) Lair:5
    Orc: D:9-12

Altars:
Ashenzari
Cheibriados
Dithmenos
Elyvilon
Fedhas
Gozag
Hepliaklqana
Kikubaaqudgha
Makhleb
Nemelex Xobeh
Qazlal
Ru
Sif Muna
Trog
Uskayaw
Vehumet
Wu Jian
Xom
Yredelemnul
Zin
The Shining One
Jiyva

Shops:
D:3 *   D:5 *

Portals:
Abyss: Lair:2

Annotations:
Lair:2 2 transporters, tizbic2's ghost, journeyman OgGl
Swamp:1 1 runed translucent door, Bearnado's ghost, journeyman MiBe


Innate Abilities, Weirdness & Mutations

You have a pair of horns on your head.
You reflexively headbutt those who attack you in melee.


Message History

The seven-headed hydra completely misses you.
The seven-headed hydra closely misses you. x2
You block the seven-headed hydra's attack.
The seven-headed hydra bites you but does no damage. x2
The seven-headed hydra bites you.
The swamp dragon breathes poison at you.
The blast of poison engulfs you. You resist.
The swamp drake breathes poison at you.
The noxious blast engulfs you but does no damage.
You resist.
Blink to where?
Press: ? - help, Dir - move target A spriggan rider comes into view.
It is wielding a +0 spear and wearing a +2 buckler of reflection.
As you read the scroll of blinking, it crumbles to dust.
The spriggan rider shouts!
The spriggan rider hits you but does no damage.
The spriggan rider hits you with a +0 spear!
* * * LOW HITPOINT WARNING * * *
The spriggan rider barely misses you. The spriggan rider barely misses you.
The spriggan rider hits you but does no damage.
You enter the shallow water.
Moving in this stuff is going to be slow.
You block the spriggan rider's attack. x2
The spriggan rider hits you with a +0 spear!
* * * LOW HITPOINT WARNING * * *
You block the spriggan rider's attack.
The seven-headed hydra bites you but does no damage. x2
The seven-headed hydra bites you.
* * * LOW HITPOINT WARNING * * *
The seven-headed hydra bites you but does no damage.
The seven-headed hydra completely misses you.
The seven-headed hydra bites you but does no damage. x2
The spriggan rider hits you with a +0 spear!
* * * LOW HITPOINT WARNING * * *
The spriggan rider hits you with a +0 spear!
* * * LOW HITPOINT WARNING * * *
There is a stone staircase leading up, spattered with blood here.
The spriggan rider hits you with a +0 spear!
You die...

≈≈.≈≈≈≈≈≈≈.♣ ♣♣♣♣♣ *≈≈≈,**,≈≈*≈
≈..≈≈≈≈≈≈≈≈♣ ♣§.≈♣♣♣,≈≈≈*,≈≈≈≈*
≈≈≈♣♣≈.≈≈≈≈♣ ♣♣.≈≈.≈♣*≈≈,*,≈≈≈≈≈
≈≈.≈♣♣♣.≈≈≈♣♣♣♣≈≈...♣**≈≈≈,,≈,,≈≈
≈≈≈≈...≈≈≈≈♣≈♣♣.≈..≈♣*≈,,,,,,≈*,≈
≈≈≈≈≈≈.≈○≈.[..♣..≈.♣♣,≈,≈≈≈≈≈,≈≈,
≈≈.≈≈k≈§≈§.≈(kk..≈≈.♣*,,≈≈≈≈≈≈,≈,
§≈≈#####○≈≈≈..♣♣♣iD.♣♣.≈≈≈≈≈≈≈≈≈≈
####,,,##°≈≈.♣♣♣@D.≈≈.§≈≈≈≈≈≈≈≈≈≈
,,*,,,,,#≈≈≈.♣ ♣≈≈≈≈≈≈≈≈≈≈≈≈≈≈≈≈,
8,*,,,,,#..♣♣♣*♣≈≈≈≈≈≈≈≈≈≈≈≈≈,≈≈≈
,,*,,,,,#♣♣♣ *≈.≈≈≈..≈≈≈≈≈≈≈≈≈≈≈
8,+,,,,*** ♣.≈≈§≈....≈≈≈≈≈≈≈≈≈
,,*+****≈* ♣≈≈≈^.≈≈≈≈.≈≈≈,,≈≈≈
,,,,,,≈,≈* ♣≈♣♣♣≈≈...≈≈≈≈,*,,,
≈,,8,,,*≈* ♣♣***.≈≈.≈≈≈,,***≈,
,,,≈,,≈+≈* ******≈,*≈≈≈≈≈,,,≈≈,,


You could see a seven-headed hydra, a swamp dragon and a spriggan rider.

Vanquished Creatures
  3 thorn hunters
  Donald (Swamp:2)
  A bunyip (Swamp:2)
  7 hydras
  A catoblepas (Lair:5)
  2 alligators
  3 death yaks (Lair:4)
  A fire crab (Lair:4)
  2 goliath frogs
  2 spriggan druids
  4 bog bodies
  2 swamp dragons
  Pikel (D:8)
  A wolf spider (Lair:6)
  A manticore (D:8)
  3 will-o-the-wisps
  A guardian serpent (Lair:6)
  12 elephants
  11 black mambas
  Joseph (D:9)
  18 cane toads
  Maggie (D:7)
  8 rime drakes
  7 komodo dragons
  A tyrant leech (Swamp:2)
  A troll (D:7)
  3 hornets
  2 polar bears
  8 blink frogs
  4 dream sheep (Lair:2)
  3 spriggans
  13 wyverns
  2 basilisks
  29 yaks
  A steam dragon (Lair:2)
  9 vampire mosquitoes
  2 redbacks (Lair:6)
  4 swamp worms
  3 wargs (D:8)
  21 water moccasins
  A swamp drake (Swamp:3)
  7 necrophages
  5 black bears
  3 orc warriors
  An ice beast (D:8)
  A sky beast (D:7)
  3 wolves (Lair:1)
  6 centaurs
  An ogre (D:5)
  A phantom (D:6)
  A wyvern zombie (D:8)
  5 bullfrogs
  2 gnoll sergeants
  6 scorpions
  A wyvern skeleton (D:6)
  A water moccasin skeleton (D:5)
  3 killer bees (D:9)
  4 electric eels (Lair:6)
  3 howler monkeys
  3 centaur zombies
  2 bullfrog zombies
  A centaur skeleton (D:6)
  3 hounds
  7 orc priests
  A bullfrog skeleton (D:5)
  A gnoll shaman (D:7)
  An iguana (D:4)
  6 orc wizards
  6 gnolls
  2 adders
  A shadow imp (D:5)
  2 white imps
  2 worms
  A dart slug (D:4)
  26 orcs
  5 endoplasms
  2 giant cockroaches
  5 goblins
  5 hobgoblins
  3 jackals (D:3)
  A quokka (D:1)
  5 ball pythons
  3 bats
  2 frilled lizards
  8 kobolds
  A rat (D:2)
  4 briar patches
364 creatures vanquished.

Vanquished Creatures (collateral kills)
  2 alligators
  A bog body (Swamp:2)
  A blink frog (Lair:2)
  A yak (Lair:5)
5 creatures vanquished.

Vanquished Creatures (others)
  A bloated husk (Swamp:2)
  A gnoll (D:8)
  5 briar patches
  10 foxfires (Swamp:3)
  29 fungi
  77 plants
123 creatures vanquished.

Grand Total: 492 creatures vanquished

Notes
Turn   | Place    | Note
-------+----------+-------------------------------------------
     0 | D:1      | tizbic2 the Minotaur Fighter began the quest for the Orb.
     0 | D:1      | Reached XP level 1. HP: 19/19 MP: 0/0
   159 | D:1      | Found a faded altar of an unknown god.
   551 | D:1      | Reached XP level 2. HP: 27/27 MP: 1/1
  1067 | D:2      | Identified the +8 whip "Paruy" {freeze, Contam rPois rCorr
                  | Int+4}
  1417 | D:3      | Identified the +4 ring mail "Nuepad" {Drain Will+ Str+2
                  | Slay+2}
  1423 | D:3      | Reached XP level 3. HP: 29/33 MP: 2/2
  1487 | D:3      | Reached skill level 4 in Fighting
  1810 | D:3      | Found Woussiq's General Store.
  1820 | D:3      | Bought a scroll of teleportation for 36 gold pieces
  1820 | D:3      | Bought a potion of berserk rage for 60 gold pieces
  1820 | D:3      | Bought a potion of lignification for 36 gold pieces
  1988 | D:4      | Noticed a scorpion
  1993 | D:4      | Killed a scorpion
  1994 | D:4      | Reached XP level 4. HP: 41/41 MP: 3/3
  2049 | D:4      | Noticed a scorpion
  2056 | D:4      | Killed a scorpion
  2057 | D:4      | Reached skill level 5 in Fighting
  2057 | D:4      | Reached XP level 5. HP: 47/48 MP: 4/4
  2141 | D:4      | Reached skill level 5 in Maces & Flails
  2143 | D:4      | Reached XP level 6. HP: 57/57 MP: 5/5
  2146 | D:4      | Reached skill level 5 in Armour
  2220 | D:4      | Got the Papyrus of Dislocated Moulding
  2322 | D:5      | Entered Level 5 of the Dungeon
  2382 | D:5      | Reached skill level 6 in Fighting
  2394 | D:5      | Reached skill level 1 in Ice Magic
  2394 | D:5      | Reached XP level 7. HP: 28/64 MP: 6/6
  2719 | D:5      | Reached skill level 7 in Fighting
  2720 | D:5      | Found Idwom's Gadget Gallery.
  2733 | D:5      | Bought a wand of polymorph (4) for 72 gold pieces
  3049 | D:5      | Identified the +0 short sword of the Devouring Oracle
                  | {vorpal, rN+ Int-4 Dex+4}
  3146 | D:5      | Learned a level 3 spell: Frozen Ramparts
  3153 | D:5      | Reached XP level 8. HP: 73/73 MP: 3/7
  3174 | D:5      | Found a sacrificial altar of Ru.
  3179 | D:5      | Found a stormy altar of Qazlal.
  3180 | D:5      | Found an ornate altar of the Wu Jian Council.
  3613 | D:6      | Found a staircase to the Ecumenical Temple.
  3635 | Temple   | Entered the Ecumenical Temple
  3942 | Temple   | Became a worshipper of Cheibriados the Contemplative
  4402 | D:6      | Reached skill level 8 in Fighting
  4803 | D:7      | Noticed Maggie
  4815 | D:7      | Killed Maggie
  4816 | D:7      | Reached skill level 1 in Spellcasting
  4968 | D:7      | Reached XP level 9. HP: 82/82 MP: 9/9
  4976 | D:7      | Reached * piety under Cheibriados
  4994 | D:7      | Noticed a troll
  5008 | D:7      | Killed a troll
  5028 | D:7      | Identified the +1 leather armour "Wuagiaje" {*Slow Int+6}
  5197 | D:7      | Learned a level 4 spell: Summon Ice Beast
  5304 | D:7      | Identified the +4 falchion of Qeahisicw {pain, Drain rC++
                  | Str+4 Stlth+}
  5304 | D:7      | You fall into a shaft and drop 3 floors!
  5304 | D:10     | Entered Level 10 of the Dungeon
  5317 | D:10     | Noticed a kobold demonologist
  5329 | D:10     | Noticed an orange demon
  5414 | D:9      | Reached skill level 9 in Fighting
  5628 | D:9      | Noticed Joseph
  5643 | D:9      | Killed Joseph
  5884 | D:9      | Reached ** piety under Cheibriados
  6216 | D:8      | Noticed a manticore
  6228 | D:8      | Killed a manticore
  6290 | D:8      | Reached XP level 10. HP: 93/93 MP: 8/12
  6305 | D:8      | Reached skill level 10 in Fighting
  6306 | D:8      | Found a staircase to the Lair.
  6337 | D:8      | Reached skill level 5 in Ice Magic
  6436 | D:8      | Reached skill level 10 in Maces & Flails
  6446 | D:8      | Reached *** piety under Cheibriados
  6612 | D:8      | Noticed Pikel
  6623 | D:8      | Killed Pikel
  6864 | Lair:1   | Entered Level 1 of the Lair of Beasts
  6920 | Lair:1   | Learned a level 5 spell: Freezing Cloud
  6922 | Lair:1   | Noticed a cane toad
  6929 | Lair:1   | Killed a cane toad
  6930 | Lair:1   | Reached skill level 1 in Invocations
  6946 | Lair:1   | Noticed a six-headed hydra
  6952 | Lair:1   | Killed a six-headed hydra
  6953 | Lair:1   | Reached skill level 11 in Fighting
  7008 | Lair:1   | Identified the +1 scale mail of Imaol {rCorr Dex+2}
  7206 | Lair:1   | Noticed a black mamba
  7210 | Lair:1   | Killed a black mamba
  7211 | Lair:1   | Reached XP level 11. HP: 101/102 MP: 14/14
  7373 | Lair:2   | Found a staircase to the Swamp.
  7389 | Lair:2   | Reached skill level 1 in Summonings
  7451 | Lair:2   | Found a transporter.
  7459 | Lair:2   | Noticed a hell hog
  7460 | Lair:2   | Noticed tizbic2's ghost (journeyman OgGl)
  7460 | Lair:2   | Noticed a purple ugly thing
  7461 | Lair:2   | Found a one-way gate to the infinite horrors of the Abyss.
  7461 | Lair:2   | Noticed a red ugly thing
  7518 | Lair:2   | Reached skill level 1 in Air Magic
  7523 | Lair:2   | Reached skill level 1 in Conjurations
  7523 | Lair:2   | Reached **** piety under Cheibriados
  7882 | Lair:2   | Found a transporter.
  8064 | Lair:3   | Reached skill level 12 in Fighting
  8250 | Lair:3   | Found a staircase to the Snake Pit.
  8869 | Lair:4   | Reached XP level 12. HP: 100/112 MP: 13/16
  8983 | Lair:4   | Reached ***** piety under Cheibriados
  9365 | Lair:4   | Noticed a death yak
  9365 | Lair:4   | Noticed a death yak
  9367 | Lair:4   | Noticed a death yak
  9371 | Lair:4   | Killed a death yak
  9374 | Lair:4   | Killed a death yak
  9376 | Lair:4   | Killed a death yak
  9972 | Lair:5   | Found a viscous altar of Jiyva.
  9972 | Lair:5   | Found a staircase to the Slime Pits.
  9973 | Lair:5   | Noticed a catoblepas
  9997 | Lair:5   | Killed a catoblepas
 10082 | Lair:5   | Reached skill level 13 in Fighting
 10296 | Lair:5   | Noticed an eight-headed hydra
 10304 | Lair:5   | Killed an eight-headed hydra
 10305 | Lair:5   | Reached XP level 13. HP: 94/122 MP: 14/18
 10672 | Lair:6   | Entered Level 6 of the Lair of Beasts
 10682 | Lair:6   | Reached skill level 10 in Armour
 10800 | Lair:6   | Reached skill level 5 in Invocations
 10911 | Lair:6   | Reached ****** piety under Cheibriados
 10932 | Lair:6   | Identified the +8 chain mail of Love and Death {Slay+2}
 11168 | Lair:6   | Reached skill level 14 in Fighting
 11491 | Lair:6   | Identified the +7 trident of Ililesea {vorpal, *Rage rPois
                  | Int+3}
 11844 | Swamp:1  | Entered Level 1 of the Swamp
 11942 | Swamp:1  | Found a runed translucent door.
 11943 | Swamp:1  | Noticed Bearnado's ghost (journeyman MiBe)
 12023 | Swamp:1  | Noticed a thorn hunter
 12030 | Swamp:1  | Killed a thorn hunter
 12031 | Swamp:1  | Reached skill level 5 in Spellcasting
 12031 | Swamp:1  | Reached XP level 14. HP: 52/133 MP: 15/20
 12158 | Swamp:1  | Learned a level 2 spell: Ensorcelled Hibernation
 12318 | Swamp:2  | Noticed Donald
 12327 | Swamp:2  | Killed Donald
 12581 | Swamp:2  | Noticed a thorn hunter
 12595 | Swamp:2  | Killed a thorn hunter
 12681 | Swamp:3  | Reached skill level 15 in Fighting
 12774 | Swamp:3  | Reached skill level 5 in Shields
 12943 | Swamp:4  | Entered Level 4 of the Swamp
 12943 | Swamp:4  | Noticed a thorn hunter
 12954 | Swamp:4  | Noticed a ghoul
 12955 | Swamp:4  | Killed a thorn hunter
 13053 | Swamp:4  | Slain by a spriggan rider

Illustrated notes

Levels and vault maps discovered:
D:1:      heliophobic_arrival_henge, layout_basic,
          shapermc_ecumenical_altar_mp_vishouse, chequers_serial_rivers_small_b
D:2:      layout_rooms
D:3:      layout_loops_ring, serial_shops, shop, minmay_door_square,
          minmay_misc_feat_x
D:4:      layout_cave_pools
D:5:      layout_loops_ring, grunt_temple_overflow_open, nicolae_shop_gadgets
D:6:      layout_basic, minmay_temple_entry_nine_rooms, eino_tiny_chamber
D:7:      minmay_slanted_spiral_squares, layout_cave_pools, uniq_maggie
D:8:      layout_loops_ring, erik_lair_orcish_takeover, uniq_pikel
D:9:      layout_loops_corners, mainiacjoe_overflow_alcove_1, uniq_joseph
D:10:     layout_cave_pools
Temple:   hc_temple_tempest_star
Lair:1:   layout_concentric_octagons, patterned_corridor, grunt_megastairs_5
Lair:2:   layout_chaotic_city, swamp_mist, gammafunk_ghost_abyssal_escape
Lair:3:   layout_regular_city, dummy_snake_entry, serial_bayou_shore_a
Lair:4:   layout_cave_pods, roderic_carrion_pond, grunt_megastairs_4,
          lemuel_fruit_tree
Lair:5:   layout_cave_pods, slime_altar_1
Lair:6:   hangedman_lair_tendril_chambers, layout_gridlike, serial_bayou,
          serial_bayou_pond_c, serial_bayou_crossing, serial_bayou_lagoon_b,
          serial_bayou_pond_d, grunt_megastairs_2
Swamp:1:  layout_falls_marsh, ebering_ghost_inner_flame,
          evilmike_swamp_ruin_house_2
Swamp:2:  layout_falls_marsh, serial_swamp_ruin, evilmike_swamp_ruin_house_1,
          evilmike_swamp_ruin_house_3, uniq_donald
Swamp:3:  layout_basic_swamp, evilmike_swamp_ruin_house_4, swamp_pool1,
          nicolae_swamp_bean_lake, infiniplex_staircase_pool_2
Swamp:4:  grunt_swamp_rune_castle, layout_basic_swamp, swamp_pool1

Skill      XL: |  1  2  3  4  5  6  7  8  9 10 11 12 13 14 |
---------------+-------------------------------------------+-----
Maces & Flails | 3 4 5 6 8 9 10 11 12 13 | 13.0
Armour         | 4 5 6 7 8 9 10 11 | 11.3
Shields        | 4 5 |  5.7
Fighting       | 4 5 6 7 8 9 11 12 13 14 15 | 15.2
Ice Magic      | 1 2 3 4 6 7 |  7.8
Spellcasting   | 1 2 3 4 5 |  5.4
Invocations    | 2 3 4 6 |  6.2
Summonings     | 3 4 |  4.5
Air Magic      | 1 2 4 |  4.6
Conjurations   | 1 2 4 |  4.7

Action                   |  1- 3 |  4- 6 |  7- 9 | 10-12 | 13-15 || total
-------------------------+-------+-------+-------+-------+-------++-------
Melee: Flail             |    16 |       |       |       |       ||    16
       Staff             |    22 |       |       |       |       ||    22
       Headbutt          |    11 |     4 |    32 |    85 |    93 ||   225
       Whip              |    37 |    42 |   144 |   308 |   337 ||   868
Throw: Stone             |     8 |       |     1 |     3 |       ||    12
 Cast: Frozen Ramparts   |       |       |    13 |    39 |    34 ||    86
       Summon Ice Beast  |       |       |       |     4 |    12 ||    16
       Freezing Cloud    |       |       |       |     2 |     1 ||     3
Invok: Slouch            |       |       |       |       |     1 ||     1
  Use: Scroll            |     5 |     2 |     4 |    10 |     4 ||    25
       Potion            |       |       |       |       |     5 ||     5
 Stab: Distracted        |       |       |       |       |     1 ||     1
Armor: Scale mail        |    29 |       |       |       |       ||    29
       Chain mail        |     1 |       |       |       |   216 ||   217
       Ring mail         |     7 |    18 |    60 |    94 |    26 ||   205
Dodge: Dodged            |    36 |    21 |    82 |    99 |   147 ||   385
Block: Buckler           |    18 |     8 |    37 |    84 |    71 ||   218
       Kite shield       |       |       |       |       |    99 ||    99
